 Dungeon Sprint DCSS version 0.18.1-6-gd335043 (webtiles) character file.

8009 Hipnos the Imperceptible (level 11, -3/51 HPs)
             Began as a Spriggan Enchanter on May 19, 2016.
             Was the Champion of Sif Muna.
             Slain by a demonic crawler (7 damage)
             ... in the Dungeon (Sprint I: "Red Sonja").
             The game lasted 00:09:08 (916 turns).

Hipnos the Imperceptible (Spriggan Enchanter)        Turns: 916, Time: 00:09:09

Health: -3/51      AC:  4    Str:  2    XL:     11   Next: 4%
Magic:  20/26      EV: 27    Int: 18    God:    Sif Muna [******]
Gold:   435        SH:  0    Dex: 18    Spells: 5 memorised, 21 levels left

rFire  . . .     SeeInvis +     k - +0 short sword (venom)
rCold  + . .     Gourm    .     e - +1 robe of Circular Logic {rCorr Int-2 Dex+3}
rNeg   . . .     Faith    .     (shield restricted)
rPois  .         Spirit   .     (helmet restricted)
rElec  .         Dismiss  .     s - +0 cloak
rCorr  +         Reflect  .     (gloves unavailable)
SustAt .         Harm     .     (boots unavailable)
MR     +....     NoTele   +     r - amulet of magic regeneration
Stlth  ++++++++++               q - ring of stealth
                                p - ring of protection from cold

@: very slightly contaminated, hasted, invisible, very quick, somewhat resistant
to hostile enchantments, uncannily stealthy
A: unfitting armour, repulsion field 1, see invisible, clumsy 1, herbivore 3,
speed 3, low mp 1, slow metabolism 2, weak 1, no device heal 1, subdued magic 2,
MP-powered wands
a: Channel Energy, Forget Spell, Renounce Religion


You were in the Dungeon.
You worshipped Sif Muna.
Sif Muna was exalted by your worship.
You were not hungry.

You visited 1 branch You collected 1499 gold pieces.
You spent 1064 gold pieces at shops.

Inventory:

Hand Weapons
 a - a +1 dagger
 k - a +0 short sword of venom (weapon)
Armour
 b - a +1 robe
 e - the +1 robe of Circular Logic (worn) {rCorr Int-2 Dex+3}
   (You bought it in a shop in the Dungeon)

   It affects your intelligence (-2).
   It affects your dexterity (+3).
   It protects you from acid and corrosion.
 i - a +0 pair of gloves
 s - a +0 cloak (worn)
Jewellery
 o - an uncursed amulet of harm
 p - a ring of protection from cold (left hand)
 q - a ring of stealth (right hand)
 r - an amulet of magic regeneration (around neck)
Wands
 t - a wand of acid (7/15)
Scrolls
 j - a scroll of blinking
Potions
 h - 2 potions of magic
 l - a potion of curing
 m - a potion of agility {unknown}
Books
 c - a book of Maledictions

   Spells                             Type                      Level
   a - Corona                         Hexes                        1
   b - Ensorcelled Hibernation        Hexes/Ice                    2
   c - Confuse                        Hexes                        3
   d - Tukima's Dance                 Hexes                        3
   e - Dazzling Spray                 Conjuration/Hexes            3
 n - Sif Muna's Tome of Snow and Execration
   (Sif Muna gifted it to you in the Dungeon)

   Spells                             Type                      Level
   a - Freeze                         Ice                          1
   b - Slow                           Hexes                        2
   c - Cause Fear                     Hexes                        4
   d - Invisibility                   Hexes                        6
Comestibles
 d - 2 bread rations


   Skills:
 + Level 2.6 Fighting
 + Level 5.2 Short Blades
 + Level 9.0 Dodging
 * Level 24.0 Stealth
 * Level 13.1 Spellcasting
 * Level 17.3 Hexes
 - Level 0.1 Ice Magic


You had 21 spell levels left.
You knew the following spells:

 Your Spells              Type           Power        Failure   Level  Hunger
a - Corona                Hex            #####..      0%          1    None
b - Ensorcelled Hibernat  Hex/Ice        ####..       1%          2    None
c - Dazzling Spray        Conj/Hex       ####....     1%          3    None
d - Invisibility          Hex            #####...     1%          6    ######.
e - Confuse               Hex            #####...     0%          3    None


Dungeon Overview and Level Annotations

Branches:
Dungeon (1/1)

Altars:
Cheibriados
Dithmenos
Elyvilon
Fedhas
Gozag
Kikubaaqudgha
Makhleb
Nemelex Xobeh
Okawaru
Pakellas
Qazlal
Ru
Sif Muna
Trog
Vehumet
Xom
Yredelemnul
Zin
The Shining One
Jiyva

Shops:
D [(}=!*=[*:?[[(([[


Innate Abilities, Weirdness & Mutations

You are tiny and cannot use many weapons and most armour.
You have supernaturally acute eyesight.
You are a herbivore.
You cover ground extremely quickly.
You need consume almost no food.
You are surrounded by a mild repulsion field (EV +2).
You are clumsy. (Dex -2)
Your magical capacity is low (-10% MP).
You are weak. (Str -2)
Potions and wands are less effective at restoring your health.
Your spells are easier to cast, but less powerful.
You expend magic power (3 MP) to strengthen your wands.


Message History

Aiming: Invisibility
Press: ? - help, Shift-Dir - straight line, f - you, p - demonic crawler You fade further into invisibility.
The demonic crawler completely misses you.
The demonic crawler hits you!
* * * LOW HITPOINT WARNING * * *
The demonic crawler completely misses you.
The demonic crawler closely misses you. x2
The demonic crawler completely misses you.
The demonic crawler hits the demonic crawler.
The demonic crawler hits the demonic crawler!
The demonic crawler hits the demonic crawler.
Drink which item? (? for menu, Esc to quit)
You feel yourself speed up. The demonic crawler barely misses you.
The demonic crawler misses you. x2
You completely miss the demonic crawler.
The demonic crawler is almost dead.
The demonic crawler completely misses you. x2
The demonic crawler hits you!
You die...

###############
)'..#__#..'..)#
.#..'..'..#...##+#
###'#__####)..ss.#
..#.####§§#####.@+
.##§#≈§§§)#..##+##
'#..§§§§..'..#
.§._#≈§≈(§#.§#
_.#'##'#####'###
#'#.#[.%(###.'.#
#.####'###(###.#
...'.....'.∩##§#
.).###########§#


You could see 2 demonic crawlers.

Vanquished Creatures
  2 centaur warriors (D)
  Sonja (D)
  2 unseen horrors (D)
  A deep troll (D)
  An oklob plant (D)
  2 shining eyes (D)
  2 demonic crawlers (D)
  2 kobold demonologists (D)
  A slime creature (D)
  2 redbacks (D)
  A yak (D)
  Sigmund (D)
  5 giant eyeballs (D)
  7 necrophages (D)
  A wasp (D)
  An ogre (D)
  8 jellies (D)
  Ijyb (D)
41 creatures vanquished.

Vanquished Creatures (others)
  A giant eyeball (D)
  2 wasps (D)
3 creatures vanquished.

Grand Total: 44 creatures vanquished

Notes
Turn   | Place    | Note
--------------------------------------------------------------
     0 | D        | Hipnos the Spriggan Enchanter began the quest for the Orb.
     0 | D        | Reached XP level 1. HP: 9/9 MP: 5/5
     1 | D        | Noticed Ijyb
    12 | D        | Killed Ijyb
    12 | D        | Reached skill level 6 in Stealth
    12 | D        | Reached XP level 2. HP: 13/13 MP: 5/7
    44 | D        | Learned a level 2 spell: Ensorcelled Hibernation
    47 | D        | Noticed an ogre
    50 | D        | Killed an ogre
    50 | D        | Reached skill level 9 in Stealth
    50 | D        | Reached skill level 5 in Spellcasting
    50 | D        | Reached XP level 3. HP: 16/16 MP: 7/10
    50 | D        | Reached XP level 4. HP: 21/21 MP: 8/12
    59 | D        | Noticed Sigmund
    62 | D        | Killed Sigmund
    62 | D        | Reached skill level 11 in Stealth
    62 | D        | Reached skill level 10 in Hexes
    62 | D        | Reached XP level 5. HP: 25/25 MP: 10/15
    67 | D        | Learned a level 3 spell: Dazzling Spray
    79 | D        | Found a deep blue altar of Sif Muna.
    81 | D        | Found a radiant altar of Vehumet.
    85 | D        | Reached skill level 5 in Dodging
    85 | D        | Reached XP level 6. HP: 26/29 MP: 10/16
    88 | D        | Became a worshipper of Sif Muna the Loreminder
   106 | D        | Found Daucra Nadghi's Antique Weapon Emporium.
   106 | D        | Found a white marble altar of Elyvilon.
   106 | D        | Found a stormy altar of Qazlal.
   106 | D        | Found a burning altar of Makhleb.
   106 | D        | Found a sacrificial altar of Ru.
   106 | D        | Found an oddly glowing altar of Pakellas.
   106 | D        | Found a basalt altar of Yredelemnul.
   106 | D        | Found a glowing golden altar of the Shining One.
   106 | D        | Found a sparkling altar of Nemelex Xobeh.
   106 | D        | Found a shimmering altar of Xom.
   106 | D        | Found an opulent altar of Gozag.
   106 | D        | Found an ancient bone altar of Kikubaaqudgha.
   106 | D        | Found a glowing silver altar of Zin.
   106 | D        | Noticed a yak
   107 | D        | Found an iron altar of Okawaru.
   108 | D        | Killed a yak
   108 | D        | Reached * piety under Sif Muna
   108 | D        | Reached skill level 13 in Stealth
   109 | D        | Found a bloodstained altar of Trog.
   129 | D        | Noticed Sonja
   136 | D        | Killed Sonja
   136 | D        | Reached ** piety under Sif Muna
   136 | D        | Reached *** piety under Sif Muna
   136 | D        | Reached skill level 15 in Stealth
   136 | D        | Reached XP level 7. HP: 18/32 MP: 10/20
   136 | D        | Reached XP level 8. HP: 21/37 MP: 11/22
   247 | D        | Noticed a deep troll
   251 | D        | Killed a deep troll
   251 | D        | Reached **** piety under Sif Muna
   251 | D        | Reached skill level 1 in Fighting
   251 | D        | Reached skill level 16 in Stealth
   261 | D        | Found Imiacubb's Armour Emporium.
   276 | D        | Noticed a centaur warrior
   276 | D        | Noticed a centaur warrior
   279 | D        | Killed a centaur warrior
   279 | D        | Reached ***** piety under Sif Muna
   279 | D        | Reached skill level 18 in Stealth
   279 | D        | Reached skill level 10 in Spellcasting
   279 | D        | Reached skill level 15 in Hexes
   279 | D        | Reached XP level 9. HP: 41/41 MP: 22/24
   282 | D        | Killed a centaur warrior
   282 | D        | Reached skill level 19 in Stealth
   302 | D        | Found a snail-covered altar of Cheibriados.
   302 | D        | Found a viscous altar of Jiyva.
   302 | D        | Found a shadowy altar of Dithmenos.
   302 | D        | Found a blossoming altar of Fedhas.
   321 | D        | Noticed a kobold demonologist
   322 | D        | Noticed a kobold demonologist
   328 | D        | Killed a kobold demonologist
   330 | D        | Killed a kobold demonologist
   330 | D        | Reached ****** piety under Sif Muna
   330 | D        | Received a gift from Sif Muna
   331 | D        | Identified Sif Muna's Tome of Snow and Execration (Sif Muna gifted it to you in the Dungeon)
   339 | D        | Learned a level 6 spell: Invisibility
   361 | D        | Found Gogabey's Armour Boutique.
   411 | D        | Noticed an oklob plant
   413 | D        | Killed an oklob plant
   413 | D        | Reached skill level 20 in Stealth
   413 | D        | Reached XP level 10. HP: 46/46 MP: 26/26
   457 | D        | Noticed an unseen horror
   460 | D        | Noticed an unseen horror
   464 | D        | Killed an unseen horror
   464 | D        | Reached skill level 21 in Stealth
   466 | D        | Killed an unseen horror
   466 | D        | Reached skill level 22 in Stealth
   518 | D        | Learned a level 3 spell: Confuse
   588 | D        | Found Veicotow's Jewellery Shoppe.
   588 | D        | Found Ymyod's Gadget Shop.
   588 | D        | Found Yquzxaoz's Distillery.
   592 | D        | Found Leajeli's Assorted Antiques.
   592 | D        | Found Xedd's Jewellery Shop.
   592 | D        | Found Yronlet's Armour Shoppe.
   592 | D        | Found Eshet's General Store.
   592 | D        | Found Heiryoh's Book Emporium.
   592 | D        | Found Jeingi's Magic Scroll Shop.
   592 | D        | Found Xunoesk's Antique Armour Shoppe.
   595 | D        | Found Plog's Armour Boutique.
   596 | D        | Found Koaqy's Weapon Emporium.
   596 | D        | Found Maucef's Weapon Boutique.
   597 | D        | Found Malogam's Antique Armour Emporium.
   606 | D        | Bought a transparent robe for 131 gold pieces
   616 | D        | Identified the +1 robe of Circular Logic {rCorr Int-2 Dex+3} (You bought it in a shop in the Dungeon)
   631 | D        | Bought an uncursed ring of protection from cold for 300 gold pieces
   631 | D        | Bought an uncursed ring of stealth for 210 gold pieces
   631 | D        | Bought an uncursed amulet of magic regeneration for 360 gold pieces
   778 | D        | Bought a +0 cloak for 63 gold pieces
   829 | D        | Noticed a shining eye
   829 | D        | Noticed a shining eye
   829 | D        | Noticed a shining eye
   829 | D        | Noticed a shining eye
   829 | D        | Noticed a shining eye
   829 | D        | Noticed a shining eye
   831 | D        | Noticed a shining eye
   831 | D        | Noticed a shining eye
   833 | D        | Gained mutation: Your magical capacity is low (-10% MP). [a shining eye]
   834 | D        | Gained mutation: You expend magic power (3 MP) to strengthen your wands. [a shining eye]
   835 | D        | Killed a shining eye
   835 | D        | Reached skill level 5 in Short Blades
   835 | D        | Reached skill level 23 in Stealth
   835 | D        | Gained mutation: You are surrounded by a mild repulsion field (EV +2). [a shining eye]
   835 | D        | Gained mutation: You are weak. (Str -2) [a shining eye]
   840 | D        | Killed a shining eye
   842 | D        | Received a gift from Sif Muna
   843 | D        | Gained mutation: Potions and wands are less effective at restoring your health. [a shining eye]
   845 | D        | Gained mutation: You are clumsy. (Dex -2) [a shining eye]
   846 | D        | Gained mutation: Your spells are a little easier to cast, but a little less powerful. [a shining eye]
   846 | D        | Gained mutation: Your spells are easier to cast, but less powerful. [a shining eye]
   897 | D        | Reached XP level 11. HP: 48/48 MP: 26/26
   898 | D        | Reached skill level 24 in Stealth
   916 | D        | Slain by a demonic crawler

Skill      XL: |  1  2  3  4  5  6  7  8  9 10 11 |
---------------+----------------------------------+-----
Stealth        | 6 9 11 15 18 20 23 24 | 24.0
Spellcasting   | 3 5 6 9 10 11 13 | 13.1
Hexes          | 6 8 10 13 15 16 17 | 17.3
Short Blades   | 2 3 4 5 |  5.2
Dodging        | 4 5 6 7 8 9 |  9.0
Fighting       | 1 2 |  2.6
Ice Magic      | |  0.1

Action                   |  1- 3 |  4- 6 |  7- 9 | 10-12 || total
-------------------------+-------+-------+-------+-------++-------
Melee: Dagger            |     9 |     5 |       |       ||    14
       Short sword       |       |       |    10 |    79 ||    89
 Cast: Ensorcelled Hiber |       |     4 |     6 |     2 ||    12
       Confuse           |       |       |       |     5 ||     5
       Invisibility      |       |       |       |     2 ||     2
       Dazzling Spray    |       |       |       |     2 ||     2
  Use: Potion            |     1 |       |     1 |     3 ||     5
       Scroll            |       |       |       |     1 ||     1
 Stab: Sleeping          |     1 |     4 |     9 |    21 ||    35
       Confused          |       |       |       |     5 ||     5
Armor: Robe              |       |       |     2 |     3 ||     5
Dodge: Dodged            |     5 |     9 |     5 |    79 ||    98
